cohdb
Replays
Latest Replays
All Replays
Popular Replays
Top Player Replays
Match Explorer
How It Works
Community
CoH3 Stats
Reddit
Sign in to upload your games and track your stats! →
Sign in with Steam
Match 46277834
Unlisted
Match 46277834
Overview
Messages
Build Orders
End
Panzergrenadier Squad
250 Light Carrier
Panzergrenadier Squad
Construct Light Support Kompanie
Assault Grenadier Squad
Combat Half-tracks
Fire Support Elements
MG34 Team
Flakvierling Half-track
Pak 38 Mechanized Group
2.5-tonne Medical Truck
Construct Panzerarmee Kommand
Flak 36 Anti-tank Gun Team
Walking Stuka Rocket Launcher
Pak 38 Anti-tank Gun Team
Panzer III L Medium Tank
Selects Armored Support Battlegroup
Selects Veteran Gunners
Selects Salvage Kits
Selects Panzer Storm
Vehicle Survival Package
Panzer III L Medium Tank
Hammerdon
Schmu
Esxile
Royal Annihilator
0
0
Comments
sign in to comment!
No comments posted yet!